 Dungeon Crawl Stone Soup version 0.32-a0-900-g30fb1b0edc (webtiles) character file.

Game seed: 7925745539172602775

533 Heh the Carver (level 7, -1/52 HPs)
             Began as a Coglin Monk on Apr 5, 2024.
             Succumbed to a kobold brigand's poison
             ... in a sewer.
             The game lasted 00:08:26 (3810 turns).

Heh the Carver (Coglin Monk)                        Turns: 3810, Time: 00:08:27

Health: -1/52      AC:  8    Str: 10 (11) XL:     7   Next: 24%
Magic:  7/7        EV:  8    Int:  7 (10) God:
Gold:   951        SH:  0    Dex: 16 (18) Spells: 6/6 levels left

rFire   . . .        a - +0 falchion (flame) {Xochitl}
rCold   . . .        n - +0 dagger (holy) {Fumito}
rNeg    . . .        q - +0 scale mail
rPois   .            (no helmet)
rElec   .            h - +0 cloak
rCorr   .            g - +0 pair of gloves
SInv    .            (no boots)
Will    .....        (amulet unavailable) Stlth
                     (ring unavailable)
HPRegen 0.28/turn    (ring unavailable)
MPRegen 0.10/turn    (no gizmo)

%: no passive effects
@: mighty, lethally poisoned (-1 -> -14), very slow
A: off-hand wielding, slow wielding, warmup strikes, no jewellery
a: Invent Gizmo


You were in a sewer.
You visited 1 branch of the dungeon, and saw 4 of its levels.
You also visited: Sewer.

You collected 1001 gold pieces.
You spent 50 gold pieces at shops.

Inventory:

Hand Weapons
 a - a +0 falchion of flaming (weapon) {Xochitl}
 n - a +0 dagger of holy wrath (offhand) {Fumito}
Armour
 d - an orb of light
 g - a +0 pair of gloves (worn)
 h - a +0 cloak (worn)
 k - a +0 cloak
 p - a +0 chain mail
 q - a +0 scale mail (worn)
Wands
 r - a wand of flame (27)
 v - a wand of iceblast (6)
Scrolls
 j - 3 scrolls of identify


   Skills:
 - Level 3.0 Fighting
 + Level 8.1 Long Blades
 - Level 2.6 Dodging


You had 6 spell levels left.
You didn't know any spells.
Your spell library contained the following spells:

 Spells                   Type           Power      Damage    Failure   Level
 Call Imp                 Summ           0%         N/A       99%         2
 Sublimation of Blood     Necr           0%         N/A       99%         2
 Summon Hydra             Summ           0%         N/A       100%        7


Dungeon Overview and Level Annotations

Branches:
Dungeon (4/15)             Temple (0/1) D:4           Sewer (1/1)

Altars:
Dithmenos
Fedhas

Shops:
D:2 !   D:3 (


Innate Abilities, Weirdness & Mutations

You can wield a second weapon in your off-hand.
It takes a long time for you to wield or remove held weapons.
Your first few attacks do less damage.
You cannot equip rings or amulets.


Message History

* * * LOW HITPOINT WARNING * * *
The kobold hits you with a +0 whip.
* * * LOW HITPOINT WARNING * * *
The kobold brigand hits you with a +0 short sword.
* * * LOW HITPOINT WARNING * * *
Throw: throwing net
Press: ? - help, Q - select action, (/) - cycle Shift-Dir - straight line, f - kobold brigand
Aim: a kobold brigand, wielding a +0 short sword and quivering poisoned darts (50% to hit)
You throw a throwing net.
The throwing net completely misses the kobold brigand.
You hear a splash.
The kobold hits you but does no damage.
The kobold brigand hits you but does no damage.
You enter the shallow water.
Moving in this stuff is going to be slow.
The kobold brigand hits you with a +0 short sword.
* * * LOW HITPOINT WARNING * * *
The kobold attacks as it pursues you!
The kobold hits you with a +0 short sword.
* * * LOW HITPOINT WARNING * * *
The kobold brigand throws a poisoned dart.
The poisoned dart hits you!
You are lethally poisoned!
* * * LOW HITPOINT WARNING * * *
You feel very sick.
You aren't carrying any potions.
Aiming: Throw Flame
Press: ? - help, Shift-Dir - straight line, f/p - kobold brigand
Aim: a kobold brigand, wielding a +0 short sword and quivering poisoned darts (60% to hit)
The puff of flame hits the kobold brigand.
The kobold brigand is moderately wounded.
* * * LOW HITPOINT WARNING * * *
You feel sick.
The kobold brigand throws a poisoned dart.
The poisoned dart hits you!
You are more poisoned.
As you read the scroll labelled GEIKHL AFUSOICO, it crumbles to dust.
It is a scroll of identify.
You don't currently have any unidentified items.
You die...

##~≈~## #.~≈~.# #.~≈~.###
#.~≈~..∩# #.≈≈~.###
#.~≈~.# ##.~≈~~##
##################.~~≈~~.#
~~~~~~~~~~~~~~~~@§~~~≈~~~#
##################KK~≈~~.#
#~K~≈~~.# #K~K≈~~.#
#~~≈≈≈~.# #.~≈≈≈~(#
#~~≈≈≈~.# #~.~~~..#
#..~~~..#


You could see 2 kobold brigands.

Vanquished Creatures
  A black bear (D:4)
  A bombardier beetle (D:4)
  A hound (D:4)
  2 iguanas (D:4)
  Ijyb (D:3)
  Natasha (thrice) (D:2)
  An orc wizard (D:3)
  4 gnolls (D:4)
  4 adders
  5 river rats
  A dart slug (D:1)
  4 orcs
  11 endoplasms
  5 giant cockroaches
  3 goblins
  6 hobgoblins
  5 jackals
  8 kobolds
  5 quokkas
  6 ball pythons
  6 bats
  A frilled lizard (D:2)
  4 rats
88 creatures vanquished.

Notes
Turn   | Place    | Note
-------+----------+-------------------------------------------
     0 | D:1      | Heh the Coglin Monk began the quest for the Orb.
     0 | D:1      | Reached XP level 1. HP: 18/18 MP: 1/1
   186 | D:1      | Reached XP level 2. HP: 24/24 MP: 2/2
   331 | D:1      | Found a faded altar of an unknown god.
   487 | D:1      | Reached skill level 4 in Long Blades
   551 | D:1      | Reached XP level 3. HP: 29/29 MP: 3/3
  1003 | D:2      | Found Repom's Distillery.
  1101 | D:2      | Bought a potion of heal wounds for 50 gold pieces
  1216 | D:2      | Noticed Natasha
  1225 | D:2      | Killed Natasha
  1226 | D:2      | Reached skill level 5 in Long Blades
  1226 | D:2      | Reached XP level 4. HP: 14/35 MP: 4/4
  1326 | D:2      | Noticed Natasha
  1338 | D:2      | Killed Natasha
  1641 | D:2      | Found a shadowy altar of Dithmenos.
  1645 | D:2      | Noticed Natasha
  1651 | D:2      | Killed Natasha
  1652 | D:2      | Reached XP level 5. HP: 39/41 MP: 5/5
  2081 | D:3      | Reached skill level 6 in Long Blades
  2382 | D:3      | Identified the +5 sling of the Briny Deep {drain, rF-
                  | Dex+7}
  2602 | D:3      | Found Veluh's Weapon Shoppe.
  2709 | D:3      | Noticed Ijyb
  2724 | D:3      | Killed Ijyb
  2932 | D:4      | Reached XP level 6. HP: 26/47 MP: 6/6
  2954 | D:4      | Noticed a black bear
  2970 | D:4      | Killed a black bear
  2971 | D:4      | Reached skill level 7 in Long Blades
  3070 | D:4      | HP: 2/47 [gnoll/+0 halberd (11)]
  3139 | D:4      | Found a blossoming altar of Fedhas.
  3302 | D:4      | Reached XP level 7. HP: 39/52 MP: 7/7
  3451 | D:4      | Identified a scroll of acquirement
  3451 | D:4      | Acquired 774 gold pieces
  3605 | D:4      | Found a staircase to the Ecumenical Temple.
  3630 | D:4      | Found a glowing drain.
  3646 | D:4      | Reached skill level 8 in Long Blades
  3665 | Sewer    | Entered a sewer
  3800 | Sewer    | HP: 2/52 [poisoned by a kobold brigand]
  3808 | Sewer    | HP: 2/52 [poisoned by a kobold brigand]
  3810 | Sewer    | Succumbed to a kobold brigand's poison

Illustrated notes

Levels and vault maps discovered:
D:1:      minmay_arrival_doors, layout_basic, shapermc_ecumenical_altar_gd,
          minmay_circled_x
D:2:      layout_loops_ring, basic_altar, serial_shops, shop, kennysheep_potato,
          uniq_natasha
D:3:      layout_basic, serial_shops, shop, kennysheep_generic_room_12,
          uniq_ijyb
D:4:      layout_loops_cross, lemuel_tele_altar, minmay_temple_entry_glass,
          portal_sewer_entry_b
Sewer:    sewer_kobolds

Skill      XL: |  1  2  3  4  5  6  7 |
---------------+----------------------+-----
Long Blades    | 4 5 6 7 8 |  8.1
Fighting       | |  3.0
Dodging        | |  2.6

Action                     |  1- 3 |  4- 6 |  7- 9 || total
---------------------------+-------+-------+-------++-------
  Melee: Falchion          |    68 |   152 |    62 ||   282
         Dagger            |    24 |   144 |    48 ||   216
  Throw: Throwing net      |       |     1 |     1 ||     2
  Evoke: Wand              |       |       |     1 ||     1
    Use: Potion            |       |     2 |     3 ||     5
         Scroll            |       |       |     7 ||     7
   Stab: Sleeping          |     2 |       |       ||     2
 Armour: Robe              |    43 |       |       ||    43
         Scale mail        |     5 |   123 |    41 ||   169
  Dodge: Dodged            |    40 |    54 |    22 ||   116

Table legend: (Time is in decaauts)
 A = Elapsed time spent in this place.
 B = Non-inter-level travel time spent in this place.
 C = Inter-level travel time spent in this place.
 D = Time resting spent in this place.
 E = Time spent auto-exploring this place.
 F = Levels seen in this place.
 G = Mean time per level.
                   A        B        C        D        E       F      G
               +--------+--------+--------+--------+--------+-----+--------+
         Total |   3811 |   3623 |    188 |      4 |   2948 |   5 |  762.2 |
       Dungeon |   3648 |   3460 |    188 |      4 |   2828 |   4 |  912.0 |
         Sewer |    163 |    163 |      0 |      0 |    120 |   1 |  163.0 |
               +--------+--------+--------+--------+--------+-----+--------+

Top non-repeatable levels by time:
     D:1: 1007 daAuts
     D:3: 989 daAuts
     D:2: 915 daAuts
     D:4: 735 daAuts
   Sewer: 163 daAuts
